 Dungeon Crawl Stone Soup version 0.27.1-34-g3ba077fa99 (webtiles) character file.

Game seed: 2962586847069272496

135 pkoi the Insei (level 4, -3/40 HPs)
             Began as a Draconian Monk on Jan 11, 2022.
             Slain by a worm (6 damage)
             ... on level 3 of the Dungeon.
             The game lasted 00:02:11 (2510 turns).

pkoi the Insei (Draconian Monk)                     Turns: 2510, Time: 00:02:11

Health: -3/40      AC:  6    Str: 13    XL:     4   Next: 96%
Magic:  4/4        EV: 12    Int: 12    God:
Gold:   37         SH:  0    Dex: 13    Spells: 3/3 levels left

rFire    . . .     SeeInvis .     - Unarmed
rCold    . . .     Faith    .   (no shield)
rNeg     . . .     Spirit   .   (armour unavailable)
rPois    .         Reflect  .   (helmet restricted)
rElec    .         Harm     .   (no cloak)
rCorr    .         Rampage  .   n - +0 pair of gloves
Will     .....                  (no boots)
Stlth    ++........             (no amulet)
HPRegen  0.13/turn              (no ring)
MPRegen  0.09/turn              (no ring)

@: no status effects
A: AC +5, unfitting armour, cold-blooded
a: no special abilities


You were on level 3 of the Dungeon.
You visited 1 branch of the dungeon, and saw 3 of its levels.

You collected 37 gold pieces.

Inventory:

Hand Weapons
 g - a +1 dagger of speed
 m - a +0 whip
Missiles
 i - 5 datura-tipped darts (quivered)
Armour
 n - a +0 pair of gloves (worn)
Jewellery
 j - an amulet of magic regeneration
Wands
 o - a wand of iceblast (18)
Scrolls
 a - 2 scrolls of enchant weapon {unknown}
 e - 3 scrolls of identify {unknown}
 h - a scroll of fear {unknown}
 p - a scroll of silence {unknown}
Potions
 b - 2 potions of curing {unknown}
 c - 3 potions of haste {unknown}
 d - a potion of ambrosia {unknown}
 f - a potion of heal wounds {unknown}
 k - a potion of degeneration {unknown}
 l - a potion of cancellation {unknown}


   Skills:
 - Level 4.0 Fighting
 - Level 3.0 Dodging
 - Level 1.7 Stealth
 * Level 5.1 Unarmed Combat


You had 3 spell levels left.
You didn't know any spells.
Your spell library contained the following spells:

 Spells                   Type           Power      Damage    Failure   Level
 Shock                    Conj/Air       0%         1d3       32%         1
 Swiftness                Air            0%         N/A       69%         3
 Airstrike                Air            0%         N/A       97%         4


Dungeon Overview and Level Annotations

Branches:
Dungeon (3/15)

Altars:


Innate Abilities, Weirdness & Mutations

Your plain brown scales are hard. (AC +5)
You cannot fit into any form of body armour.
You are cold-blooded and may be slowed by cold attacks.


Message History

The worm bites you!
* * * LOW HITPOINT WARNING * * *
Items here: ))) †.
You hit the worm but do no damage. The worm misses you.
You hit the worm.
The worm is moderately wounded.
You hit the worm but do no damage.
The worm is moderately wounded.
The worm bites you.
* * * LOW HITPOINT WARNING * * *
You barely miss the worm.
You tail-slap the worm, but do no damage.
Your punch misses the worm.
The worm is moderately wounded.
You hit the worm. You tail-slap the worm.
The worm is heavily wounded.
The worm bites you but does no damage.
You hit the worm.
The worm is severely wounded.
You hit the worm.
The worm is severely wounded.
The worm bites you!
* * * LOW HITPOINT WARNING * * *
You punch the worm!
You kill the worm!
The worm closely misses you.
You hit the worm.
Your tail-slap misses the worm.
The worm is moderately wounded.
You barely miss the worm. You tail-slap the worm.
The worm is moderately wounded.
The worm barely misses you.
You hit the worm.
The worm is severely wounded.
The worm bites you but does no damage.
You hit the worm but do no damage.
The worm is heavily wounded.
You barely miss the worm. You punch the worm.
The worm is severely wounded.
The worm bites you.
You die...

#.# ###......
#.#### #........
#....# #........
#....#####........
#.......##........
##..^.##.##........
#..#.#...##.....?..
#.##.#.####......<.
#.##....)@wg.......
#.####.############
#......# ########


You could see a worm and a goblin.

Vanquished Creatures
  A hound (D:3)
  3 adders (D:2)
  A worm (D:3)
  3 dart slugs (D:1)
  5 orcs (D:3)
  6 endoplasms
  9 goblins
  2 hobgoblins
  6 ball pythons
  13 bats
  2 frilled lizards
  9 kobolds
  3 rats (D:1)
63 creatures vanquished.

Vanquished Creatures (others)
  A fungus (D:2)
1 creature vanquished.

Grand Total: 64 creatures vanquished

Notes
Turn   | Place    | Note
-------+----------+-------------------------------------------
     0 | D:1      | pkoi the Draconian Monk began the quest for the Orb.
     0 | D:1      | Reached XP level 1. HP: 19/19 MP: 1/1
   488 | D:1      | Reached XP level 2. HP: 26/26 MP: 2/2
   896 | D:1      | Reached XP level 3. HP: 33/33 MP: 3/3
  1162 | D:2      | Reached skill level 4 in Unarmed Combat
  1639 | D:2      | Reached XP level 4. HP: 36/40 MP: 4/4
  1778 | D:2      | Found a faded altar of an unknown god.
  2488 | D:3      | Reached skill level 5 in Unarmed Combat
  2503 | D:3      | HP: 2/40 [worm (8)]
  2510 | D:3      | Slain by a worm

Illustrated notes

Levels and vault maps discovered:
D:1:      amcnicky_arrival_flooded_fountain, layout_loops_cross,
          chequers_serial_rivers_small_a, hex_medium,
          minmay_misc_feat_secret_circle
D:2:      layout_basic, shapermc_ecumenical_altar_ellora, nrook_loot_triangle
D:3:      layout_basic

Skill      XL: |  1  2  3  4 |
---------------+-------------+-----
Dodging        | 3 |  3.0
Unarmed Combat | 4 5 |  5.1
Fighting       | 4 |  4.0
Stealth        | |  1.7

Action                   |  1- 3 |  4- 6 || total
-------------------------+-------+-------++-------
Melee: Unarmed           |   163 |    76 ||   239
       Tailslap          |    12 |    11 ||    23
       Punch             |     2 |     4 ||     6
 Stab: Sleeping          |     5 |     1 ||     6
Armor: Skin              |    63 |    23 ||    86
Dodge: Dodged            |   140 |    36 ||   176
